 Dungeon Crawl Stone Soup version 0.16-a0-734-gc254e8c (webtiles) character file.

5619 Screech the Ducker (level 10, -15/97 HPs)
             Began as a Troll Monk on Sept 21, 2014.
             Was a Believer of Qazlal.
             Killed from afar by a fire crab (glowing shapeshifter) (25 damage)
             ... with a blast of flame
             ... on Level 1 of the Lair of Beasts on Sept 22, 2014.
             The game lasted 01:02:20 (8887 turns).

Screech the Ducker (Troll Monk)                     Turns: 8887, Time: 01:02:20

HP -15/97        AC 10     Str 22      XL: 10   Next: 45%
MP  12/12        EV 14     Int  6      God: Qazlal [**....]
Gold 457         SH  3     Dex 15      Spells:  1 memorised,  7 levels left

rFire  . . .     SeeInvis .     q - +4 quarterstaff (chaos)
rCold  . . .     Clarity  .     a - +2 robe
rNeg   . . .     rCorr    +     (shield restricted)
rPois  .         rRot     .     (helmet restricted)
rElec  .         Spirit   .     l - +2 cloak
SustAb .         Warding  .     (gloves unavailable)
rMut   .         Stasis   .     (boots unavailable)
Gourm  +                        r - amulet of resist corrosion
MR     .....                    F - +1 ring of strength
                                H - ring of wizardry

@: lethally poisoned, not resistant to hostile enchantments, unstealthy
A: unfitting armour, claws 3, fast metabolism 3, gourmand, regeneration 2,
saprovore 2, shaggy fur 1, tough skin 2
a: Upheaval, Renounce Religion


You were on level 1 of the Lair of Beasts.
You worshipped Qazlal.
Qazlal was pleased with you.
You were full.

You visited 3 branches of the dungeon, and saw 11 of its levels.

You collected 457 gold pieces.

Inventory:

Hand weapons
 q - a +4 quarterstaff of chaos (weapon)
 z - a +0 war axe of flaming
 I - a +2 hand axe
 J - a +4 hand axe of venom
 M - a +1 flail of protection
 N - a +0 flail of holy wrath
Missiles
 G - 6 javelins (quivered)
Armour
 a - a +2 robe (worn)
 i - a +0 animal skin
 l - a +2 cloak (worn)
 Q - a +0 animal skin
Magical devices
 g - a wand of paralysis (6)
 C - a wand of digging (14)
 E - a wand of digging (14)
Comestibles
 b - 4 meat rations
 c - 10 bread rations
 j - 2 fruits
 x - 2 royal jellies
 B - a slice of pizza
 O - 6 beef jerkies
Scrolls
 d - 2 scrolls of blinking
 o - 2 scrolls of fog
 u - 2 scrolls of recharging
 w - a scroll of summoning
 L - a scroll of enchant armour
Jewellery
 r - an amulet of resist corrosion (around neck)
 A - an uncursed ring of teleportation
 F - a +1 ring of strength (right claw)
 H - a ring of wizardry (left claw)
 R - an uncursed ring of sustain abilities {unknown}
Potions
 e - a potion of cancellation {unknown}
 f - 7 potions of curing
 h - a potion of degeneration {unknown}
 k - 2 potions of agility {unknown}
 m - a potion of restore abilities {unknown}
 n - 4 potions of haste
 p - 2 potions of brilliance {unknown}
 s - a potion of flight {unknown}
 t - 2 potions of magic {unknown}
 v - 2 potions of heal wounds
 D - a potion of poison {unknown}
Books
 y - a Young Poisoner's Handbook

   Spells                             Type                      Level
   Sting                              Conjuration/Poison           1
   *Cure Poison                       Poison                       2
   Mephitic Cloud                     Conjuration/Poison/Air       3
   Olgreb's Toxic Radiance            Poison                       4
   Venom Bolt                         Conjuration/Poison           5
 K - a book of Hinderance

   Spells                             Type                      Level
   Confusing Touch                    Hexes                        2
   Confuse                            Hexes                        3
   Petrify                            Transmutation/Earth          4
   Leda's Liquefaction                Hexes/Earth                  4
   Metabolic Englaciation             Hexes/Ice                    5
   Summon Mana Viper                  Hexes/Summoning              5
 P - a book of Beasts

   Spells                             Type                      Level
   Summon Butterflies                 Summoning                    1
   Call Canine Familiar               Summoning                    3
   Summon Ice Beast                   Ice/Summoning                4
   Summon Mana Viper                  Hexes/Summoning              5
   Monstrous Menagerie                Summoning                    6
   Summon Hydra                       Summoning                    7


   Skills:
 + Level 5.6 Fighting
 - Level 5.8 Axes
 * Level 3.6 Staves
 + Level 7.1 Dodging
 - Level 1.9 Stealth
 - Level 7.0 Unarmed Combat
 * Level 5.0 Invocations
 - Level 1.0 Evocations


You had 7 spell levels left.
You knew the following spells:

 Your Spells              Type           Power        Failure   Level  Hunger
a - Cure Poison           Pois           #.........   43%         2    ###....


Dungeon Overview and Level Annotations

Branches:
Dungeon (9/15)             Temple (1/1) D:6            Lair (1/8) D:9
    Orc: D:9-12

Altars:
Ashenzari
Cheibriados
Dithmenos
Elyvilon
Fedhas
Gozag
Kikubaaqudgha
Makhleb
Nemelex Xobeh
Okawaru
Qazlal
Ru
Sif Muna
Trog
Vehumet
Xom
Yredelemnul
Zin
The Shining One

Shops:
D:7 (([([


Innate Abilities, Weirdness & Mutations

You are too large for most types of armour.
You have claws for hands.
Your metabolism is lightning-fast.
You like to eat raw meat.
You heal very quickly.
You can eat rotten meat.
You are covered in fur (AC +1).
You have very tough skin (AC +2).


Message History

You sock the fire crab!
The fire crab is lightly wounded.
You are engulfed in roaring flames.
You feel sick.
The fire crab bites you but does no damage.
The fire crab barely misses you.
You hit the fire crab but do no damage.
The fire crab is lightly wounded.
You are engulfed in roaring flames.
You feel sick. The fire crab bites you.
You are engulfed in flames!
The fire crab closely misses you.
You barely miss the fire crab.
The fire crab is lightly wounded.
You feel sick. The fire crab breathes flames at you.
The blast of flame engulfs you!
You are engulfed in roaring flames.
* * * LOW HITPOINT WARNING * * *
You feel sick. The fire crab breathes flames at you.
The blast of flame engulfs you!
You die...

#####
##.#.##
#.#...##
##.....#
##§§§<..#
#.t§@§..#
#.§§§..##
#..§...#
#.....##
#.....##
#......
#.P##..
### ####


You could see a fire crab shaped shifter.

Vanquished Creatures
  Pikel (D:9)
  The ghost of Ratboiler the Carver, an experienced VSMo of Ru (D:9)
  Grinder (D:6)
  A troll (D:9)
  Prince Ribbit (D:4)
  A blink frog (D:9)
  3 yaks
  A hill giant zombie (D:5)
  Eustachio (D:6)
  A hippogriff (D:9)
  Edmund (D:8)
  A steam dragon (shapeshifter) (D:5)
  Menkaure (D:4)
  A slave (D:9)
  An ogre (D:8)
  2 ice beasts
  The ghost of Foahim the Skirmisher, an average DrFi (D:3)
  A black bear (D:5)
  2 sky beasts
  A centaur (D:7)
  Sigmund (D:2)
  5 giant frogs
  A scorpion (D:8)
  A hippogriff zombie (D:9)
  A yak zombie (D:9)
  5 killer bees (D:7)
  4 wights (D:8)
  2 goliath beetles
  3 crimson imps
  A black bear zombie (D:7)
  2 jellies (D:8)
  Crazy Yiuf (D:4)
  A centaur skeleton (D:6)
  An orc priest (D:6)
  2 iguanas
  5 worker ants
  Natasha (thrice) (D:6)
  4 orc wizards
  4 hounds
  A quasit (D:5)
  A crocodile zombie (D:7)
  A big kobold zombie (D:7)
  A shadow imp (D:9)
  2 giant mites (D:3)
  10 adders
  3 worms (D:3)
  An orc skeleton (D:7)
  6 giant geckos
  An ooze (D:2)
  11 orcs
  A bat zombie (D:5)
  17 goblins
  12 hobgoblins
  6 jackals
  14 kobolds
  7 quokkas
  A ball python (D:2)
  14 bats
  5 giant cockroaches
  4 giant newts
  A giant spore (D:7)
  A goblin skeleton (D:4)
  17 rats
  A rat zombie (D:5)
  5 ballistomycetes
215 creatures vanquished.

Vanquished Creatures (others)
  2 slaves (D:9)
  A phantom (D:9)
  A quokka (D:9)
  A giant spore (D:8)
  A ballistomycete (D:8)
6 creatures vanquished.

Grand Total: 221 creatures vanquished

Notes
Turn   | Place    | Note
--------------------------------------------------------------
     0 | D:1      | Screech, the Troll Monk, began the quest for the Orb.
     0 | D:1      | Reached XP level 1. HP: 22/22 MP: 1/1
   159 | D:1      | Reached XP level 2. HP: 29/29 MP: 1/1
   779 | D:2      | Reached XP level 3. HP: 36/36 MP: 2/2
   813 | D:2      | Noticed Sigmund
   819 | D:2      | Killed Sigmund
   819 | D:2      | Reached XP level 4. HP: 26/44 MP: 2/2
  1519 | D:3      | Reached XP level 5. HP: 50/52 MP: 2/2
  1521 | D:3      | Reached skill level 5 in Unarmed Combat
  1720 | D:3      | Noticed Foahim's ghost (average DrFi)
  1733 | D:3      | Killed Foahim's ghost
  1733 | D:3      | Reached XP level 6. HP: 26/61 MP: 3/3
  1764 | D:3      | Found a glowing golden altar of the Shining One.
  1767 | D:3      | Found a bloodstained altar of Trog.
  1768 | D:3      | Found a basalt altar of Yredelemnul.
  2568 | D:4      | Found an iron altar of Okawaru.
  2569 | D:4      | Noticed Prince Ribbit
  2600 | D:4      | Killed Prince Ribbit
  2600 | D:4      | Reached skill level 6 in Unarmed Combat
  2600 | D:4      | Reached XP level 7. HP: 38/68 MP: 3/3
  2835 | D:4      | Noticed Crazy Yiuf
  2839 | D:4      | Killed Crazy Yiuf
  2955 | D:4      | Noticed Menkaure
  2962 | D:4      | Killed Menkaure
  2963 | D:4      | Reached skill level 1 in Staves
  3108 | D:4      | Got a faintly glowing ring mail
  3687 | D:5      | Entered Level 5 of the Dungeon
  3778 | D:5      | Found a snail-covered altar of Cheibriados.
  3821 | D:5      | Reached skill level 5 in Dodging
  3941 | D:5      | Reached XP level 8. HP: 61/79 MP: 3/3
  4206 | D:5      | Found a blossoming altar of Fedhas.
  4603 | D:5      | Reached skill level 1 in Evocations
  4674 | D:6      | Found a staircase to the Ecumenical Temple.
  4685 | Temple   | Entered the Ecumenical Temple
  4728 | Temple   | Became a worshipper of Qazlal Stormbringer
  4728 | Temple   | Acquired Qazlal's first power
  4728 | Temple   | Acquired Qazlal's second power
  5057 | D:6      | Found a white marble altar of Elyvilon.
  5104 | D:6      | Found an opulent altar of Gozag.
  5104 | D:6      | Noticed Natasha
  5105 | D:6      | Noticed Eustachio
  5110 | D:6      | Killed Natasha
  5132 | D:6      | Killed Eustachio
  5135 | D:6      | Upgraded the game from 0.16-a0-715-g16937c4 to 0.16-a0-734-gc254e8c
  5251 | D:6      | Noticed Grinder
  5252 | D:6      | Paralysed by Grinder for 7 turns
  5267 | D:6      | Killed Grinder
  5267 | D:6      | Reached skill level 5 in Fighting
  5382 | D:6      | Found a shattered altar of Ashenzari.
  5501 | D:6      | Found an opulent altar of Gozag.
  5570 | D:6      | Noticed Natasha
  5578 | D:6      | Killed Natasha
  5611 | D:6      | Found a sacrificial altar of Ru.
  5655 | D:6      | Noticed Natasha
  5657 | D:6      | Killed Natasha
  5722 | D:7      | Reached XP level 9. HP: 88/88 MP: 5/5
  5742 | D:7      | Reached skill level 1 in Invocations
  5768 | D:7      | Found Ocyo's Armour Shop.
  5870 | D:7      | Found Exifalu's Weapon Shoppe.
  6136 | D:7      | Found Yfep's Armour Boutique.
  6274 | D:7      | Found Miuxkit's Antique Weapon Shop.
  6524 | D:7      | Found Jeuhaumme's Antique Weapon Emporium.
  6788 | D:8      | Reached skill level 7 in Dodging
  6795 | D:8      | Found a sparkling altar of Nemelex Xobeh.
  6975 | D:8      | Reached skill level 1 in Axes
  7256 | D:8      | Noticed Edmund
  7285 | D:8      | Killed Edmund
  7588 | D:8      | Found a deep blue altar of Sif Muna.
  7941 | D:9      | Found a glowing silver altar of Zin.
  7985 | D:9      | Reached XP level 10. HP: 31/97 MP: 11/11
  8160 | D:9      | Noticed Pikel
  8176 | D:9      | Killed Pikel
  8176 | D:9      | Acquired Qazlal's third power
  8202 | D:9      | Found a staircase to the Lair.
  8236 | D:9      | Reached skill level 5 in Axes
  8294 | D:9      | Noticed Ratboiler's ghost (experienced VSMo)
  8523 | D:9      | Killed Ratboiler's ghost
  8523 | D:9      | Reached skill level 5 in Invocations
  8866 | D:9      | Learned a level 2 spell: Cure Poison
  8878 | Lair:1   | Entered Level 1 of the Lair of Beasts
  8881 | Lair:1   | Noticed a fire crab
  8881 | Lair:1   | a spiny frog changed into a fire crab
  8887 | Lair:1   | Killed from afar by a fire crab (glowing shapeshifter)

Action                   |  1- 3 |  4- 6 |  7- 9 | 10-12 || total
-------------------------+-------+-------+-------+-------++-------
Melee: Unarmed           |    87 |   211 |   207 |       ||   505
       Quarterstaff      |       |       |    96 |    21 ||   117
       Hand axe          |       |       |   116 |    61 ||   177
Invok: Upheaval          |       |       |       |     1 ||     1
Evoke: Wand              |       |     1 |     1 |     1 ||     3
  Use: Scroll            |       |     7 |    15 |     2 ||    24
       Potion            |       |       |       |     1 ||     1
 Stab: Paralysed         |       |       |     1 |       ||     1
       Sleeping          |       |       |     1 |       ||     1
  Eat: Chunk             |    13 |    16 |    43 |     8 ||    80
       Meat ration       |       |       |       |     1 ||     1
